 Dungeon Crawl Stone Soup version 0.24-a0-173-gc15b636e9c (webtiles) character file.

Game seed: 2519626024899946814

77 MrRokkomies the Charmwright (level 3, -2/43 HPs)
             Began as a Demigod Skald on Mar 12, 2019.
             Slain by a gnoll
             ... wielding a +0 flail
              (6 damage)
             ... on level 2 of the Dungeon.
             The game lasted 00:06:14 (1221 turns).

MrRokkomies the Charmwright (Demigod Skald)         Turns: 1221, Time: 00:06:15

Health: -2/43      AC:  8    Str: 19    XL:     3   Next: 92%
Magic:  6/17       EV: 10    Int: 19    God:
Gold:   121        SH:  0    Dex: 15    Spells: 2/5 levels left

rFire    + . .     SeeInvis .   a - +1 falchion
rCold    . . .     Gourm    .   (no shield)
rNeg     . . .     Faith    .   i - +1 scale mail
rPois    .         Spirit   .   (no helmet)
rElec    .         Reflect  .   h - +0 cloak
rCorr    .         Harm     .   (no gloves)
MR       .....                  (no boots)
Stlth    ..........             (no amulet)
HPRegen  0.14/turn              f - ring of protection from fire
MPRegen  0.15/turn              n - ring of magical power

@: berserking, infused, very slightly contaminated, very quick
A: high mp 1
a: no special abilities


You were on level 2 of the Dungeon.
You were hungry.

You visited 1 branch of the dungeon, and saw 3 of its levels.

You collected 121 gold pieces.

Inventory:

Hand Weapons
 a - a +1 falchion (weapon)
 e - a +0 hand crossbow
Missiles
 c - 2 tomahawks (quivered)
Armour
 h - a +0 cloak (worn)
 i - a +1 scale mail (worn)
Jewellery
 f - a ring of protection from fire (left hand)
 n - a ring of magical power (right hand)
Potions
 k - a potion of haste
 o - a potion of brilliance {unknown}
 p - a potion of heal wounds {unknown}
Comestibles
 d - 2 rations


   Skills:
 - Level 1.7 Fighting
 * Level 3.1 Long Blades
 - Level 0.8 Armour
 - Level 1.7 Dodging
 - Level 1.7 Spellcasting
 * Level 3.7 Charms


You had 2 spell levels left.
You knew the following spells:

 Your Spells              Type           Power        Failure   Level  Hunger
a - Infusion              Chrm           ###.         12%         1    #......
b - Shroud of Golubria    Chrm/Tloc      #.........   36%         2    ###....

Your spell library contained the following spells:

 Spells                   Type           Power        Failure   Level  Hunger
 Song of Slaying          Chrm           ###.....     17%         2    ###....
 Regeneration             Chrm/Necr      #.........   58%         3    ###....
 Spectral Weapon          Hex/Chrm       #.......     58%         3    ###....


Dungeon Overview and Level Annotations

Branches:
Dungeon (3/15)


Innate Abilities, Weirdness & Mutations

You have an increased reservoir of magic. (+10% MP)


Message History

The gnoll hits you but does no damage. The gnoll hits you with a +0 flail.
You hit the gnoll.
The gnoll is almost dead.
The gnoll hits you with a +0 club. The gnoll hits you with a +0 flail.
You hit the gnoll.
The gnoll is almost dead.
The gnoll hits you with a +0 club.
You closely miss the gnoll.
The gnoll is almost dead.
The gnoll hits you with a +0 flail!
* * * LOW HITPOINT WARNING * * *
The gnoll hits you with a +0 club.
* * * LOW HITPOINT WARNING * * *
You feel better. The gnoll hits you with a +0 flail!
* * * LOW HITPOINT WARNING * * *
The gnoll completely misses you.
A red film seems to cover your vision as you go berserk!
You feel yourself moving faster!
You feel mighty! The gnoll hits you with a +0 flail.
You die...

#.##.# #.##.#
######.##.#
#.......#.##############
#................(....†.
#.........#############.
#...<....#.# #. #@#.#.#
#. #g#.#.###########)
#.#.#.............
#.#.############## ..#.#
###.# #.# #.#


You could see 2 gnolls.

Vanquished Creatures
  2 gnolls (D:2)
  2 adders (D:2)
  A worm (D:2)
  2 dart slugs (D:1)
  6 giant cockroaches (D:1)
  4 goblins
  4 hobgoblins
  A ball python (D:2)
  5 bats
  4 frilled lizards
  A kobold (D:1)
  3 rats (D:1)
35 creatures vanquished.

Notes
Turn   | Place    | Note
-------+----------+-------------------------------------------
     0 | D:1      | MrRokkomies the Demigod Skald began the quest for the Orb.
     0 | D:1      | Reached XP level 1. HP: 17/17 MP: 5/5
   295 | D:1      | Reached XP level 2. HP: 24/24 MP: 7/7
   890 | D:2      | Reached XP level 3. HP: 28/29 MP: 8/8
   900 | D:2      | Learned a level 2 spell: Shroud of Golubria
   985 | D:2      | Found an ornate altar of the Wu Jian Council.
   986 | D:2      | Found a deep blue altar of Sif Muna.
   986 | D:2      | Found an iron altar of Okawaru.
  1015 | D:2      | You fall through a shaft!
  1221 | D:2      | Slain by a gnoll

Levels and vault maps discovered:
D:1:      wheals_arrival_shading, layout_loops_ring, minmay_worlds_worst_comb
D:2:      layout_basic, tso_oasis_becter,
          chequers_temple_overflow_statue_of_worship, nemelex_altar_shiori
D:3:      layout_basic, chequers_ecumenical_altar_twisty

Skill      XL: |  1  2  3 |
---------------+----------+-----
Long Blades    | 2 3 |  3.1
Charms         | 3 |  3.7
Fighting       | |  1.7
Armour         | |  0.8
Dodging        | |  1.7
Spellcasting   | |  1.7

Action                   || total
-------------------------++-------
Melee: Falchion          ||   131
 Cast: Infusion          ||     6
       Shroud of Golubri ||     1
  Use: Scroll            ||     8
       Potion            ||     2
  Eat: Chunk             ||     1
Armor: Scale mail        ||    55
       Leather armour    ||     6
Dodge: Dodged            ||    74
       Rpst.: Falchion   ||    20

Table legend:
 A = Non-vault XP
 B = Vault XP
 C = Vault XP percentage of total XP
 D = Non-vault monster count
 E = Vault monster count
 F = Vault count percentage of total count
                 A         B        C        D         E       F
            +---------+---------+-------+---------+---------+-------
      Total |     101 |      10 |   9.0 |      30 |       5 |  14.3
            +---------+---------+-------+---------+---------+-------
        D:1 |      26 |      10 |  27.8 |      16 |       5 |  23.8
        D:2 |      70 |       0 |   0.0 |      11 |       0 |   0.0
        D:3 |       5 |       0 |   0.0 |       3 |       0 |   0.0
            +---------+---------+-------+---------+---------+-------
